 Dungeon Crawl Stone Soup version 0.30.1-4-g462c640d31 (webtiles) character file.

Game seed: 12930568484131082898

258 spardeous the Conjurer (level 5, -2/38 HPs)
             Began as a Demigod Conjurer on Aug 18, 2023.
             Shot with a bolt by an orc warrior (13 damage)
             ... on level 4 of the Dungeon.
             The game lasted 00:03:20 (4052 turns).

spardeous the Conjurer (Demigod Conjurer)           Turns: 4052, Time: 00:03:21

Health: -2/38      AC:  7    Str:  8    XL:     5   Next: 62%
Magic:  4/10       EV: 10    Int: 24    God:
Gold:   209        SH:  0    Dex: 18    Spells: 0/7 levels left

rFire   . . .        (no weapon)
rCold   . . .        (no shield)
rNeg    . . .        j - +0 ring mail
rPois   .            (no helmet)
rElec   .            g - +0 cloak
rCorr   .            (no gloves)
SInv    .            t - +0 pair of boots
Will    .....        (no amulet)
Stlth   +            s - +6 ring of dexterity
HPRegen 0.26/turn    (no ring)
MPRegen 0.12/turn

%: no passive effects
@: no status effects
A: high MP 1, forlorn, divine attributes
a: no special abilities


You were on level 4 of the Dungeon.
You visited 1 branch of the dungeon, and saw 4 of its levels.

You collected 209 gold pieces.

Inventory:

Missiles
 w - a throwing net
Armour
 a - a +0 robe
 g - a +0 cloak (worn)
 j - a +0 ring mail (worn)
 t - a +0 pair of boots (worn)
 u - the +1 leather armour "Arahau" {rC+}
   (You found it on level 3 of the Dungeon)

   rC:        It protects you from cold.
Jewellery
 s - a +6 ring of dexterity (left hand)
Wands
 y - a wand of paralysis (8)
 z - a wand of iceblast (8)
Scrolls
 e - a scroll of immolation {unknown}
 h - a scroll of blinking {unknown}
 i - 3 scrolls of fog {unknown}
 k - a scroll of summoning {unknown}
 m - 2 scrolls of amnesia {unknown}
 n - a scroll of identify {unknown}
 o - a scroll of poison {unknown}
 p - 3 scrolls of noise {unknown}
 q - a scroll of brand weapon {unknown}
 v - a scroll of fear {unknown}
Potions
 b - 2 potions of magic
 c - a potion of curing {unknown}
 d - a potion of attraction {unknown}
 f - a potion of haste {unknown}
 l - a potion of might {unknown}
 r - a potion of brilliance {unknown}
 x - a potion of flight {unknown}


   Skills:
 - Level 1.7 Dodging
 - Level 1.7 Stealth
 - Level 1.7 Spellcasting
 + Level 6.6 Conjurations


You couldn't memorise any spells.
You knew the following spells:

 Your Spells              Type           Power      Damage    Failure   Level
a - Magic Dart            Conj           100%       1d8       2%          1
b - Searing Ray           Conj           66%        2d6       3%          2
c - Iskenderun's Mystic   Conj/Tloc      18%        2d6       67%         4

Your spell library contained the following spells:

 Spells                   Type           Power      Damage    Failure   Level
 Momentum Strike          Conj/Tloc      36%        3d9       14%         2
 Dazzling Flash           Conj/Hex       36%        N/A       28%         3
 Apportation              Tloc           4%         N/A       36%         1
 Necrotise                Necr           8%         1d4       36%         1
 Summon Small Mammal      Summ           8%         N/A       36%         1
 Blink                    Tloc           4%         N/A       50%         2
 Cigotuvi's Dreadful Rot  Necr/Pois/Air  4%         N/A       50%         2
 Ensorcelled Hibernation  Hex/Ice        4%         N/A       50%         2
 Lesser Beckoning         Tloc           4%         N/A       50%         2
 Fulminant Prism          Conj/Hex       9%         3d6       67%         4
 Call Canine Familiar     Summ           2%         N/A       75%         3
 Ignite Poison            Fire/Tmut/Pois 2%         N/A       75%         3
 Portal Projectile        Hex/Tloc       4%         N/A       75%         3
 Spider Form              Tmut/Pois      2%         N/A       75%         3
 Anguish                  Hex/Necr       1%         N/A       98%         4
 Animate Dead             Necr           2%         N/A       98%         4
 Leda's Liquefaction      Hex/Erth       1%         N/A       98%         4
 Manifold Assault         Tloc           2%         N/A       98%         4
 Passage of Golubria      Tloc           2%         N/A       98%         4
 Freezing Cloud           Conj/Ice/Air   6%         6-21      99%         5
 Silence                  Hex/Air        1%         N/A       100%        5
 Haunt                    Necr/Summ      1%         N/A       100%        7
 Storm Form               Tmut/Air       1%         N/A       100%        7
 Infestation              Necr           1%         N/A       100%        8
 Lehudib's Crystal Spear  Conj/Erth      9%         10d4      100%        8


Dungeon Overview and Level Annotations

Branches:
Dungeon (4/15)
 Temple: D:4-7

Annotations:
D:4 2 runed translucent doors


Innate Abilities, Weirdness & Mutations

You have an increased reservoir of magic. (+10% MP)
You shall have no god before yourself.
Your divine heritage dramatically boosts your attributes as you level up.


Message History

(Press . to maintain the ray.)
You now have 5/10 mp.
You now have 4/10 mp.
A hobgoblin comes into view.
Casting: Searing Ray (safe; 3% risk of failure)
Confirm with . or Enter, or press ? or * to list all spells.
Aiming: Magic Dart (safe; 2% risk of failure)
Press: ? - help, Shift-Dir - straight line, f - hobgoblin
Aim: a hobgoblin (100% to hit)
The magic dart hits the hobgoblin.
The hobgoblin is severely wounded.
An orc warrior comes into view. It is wielding a +0 battleaxe.
There are monsters nearby!
Casting: Magic Dart (safe; 2% risk of failure)
Confirm with . or Enter, or press ? or * to list all spells.
Aiming: Magic Dart (safe; 2% risk of failure)
Press: ? - help, Shift-Dir - straight line, f/p - hobgoblin
Aim: a hobgoblin (severely wounded, 100% to hit)
The magic dart hits the hobgoblin.
You kill the hobgoblin!
The orc warrior hits you with a +0 battleaxe!
You take 11 damage, and have 27/38 hp.
MASSIVE DAMAGE!!
You now have 3/10 mp.
The orc warrior unwields a +0 battleaxe.
The orc warrior wields a +0 arbalest.
The orc warrior shoots a bolt.
The bolt hits you!!
Ouch! That really hurt!
* * * LOW HITPOINT WARNING * * *
You take 19 damage, and have 8/38 hp.
MASSIVE DAMAGE!!
Okay, then.
Okay, then.
Okay, then.
The orc warrior shoots a bolt.
The bolt barely misses you.
An adder and a quokka come into view.
The adder hisses angrily.
The orc warrior shoots a bolt.
The bolt closely misses you. The adder attacks as you move away!
The adder bites you but does no damage.
A ball python comes into view.
The adder bites you but does no damage.
The orc warrior shoots a bolt.
The bolt hits you!
You die...

##.#†o#..# #.##
#.#..###..#
######.#. ##..##
#..##....#.## #..##
#..#.##.#.# #.##
#.#.##.#.## #.o##
.#........ ##..## #
####.#.##
#.#..#.#..# #.#.#
##.#@....# #.#.#
#.#S#rS.#.# #.#.#
################.#.#
#................#
#..............###
##############.# ###


You could see an orc warrior, an adder, a quokka (wandering) and a ball python
(wandering).

Vanquished Creatures
  A howler monkey (D:4)
  3 orc wizards
  Natasha (D:4)
  5 adders
  A worm (D:4)
  A dart slug (D:1)
  3 orcs
  9 ball pythons
  10 endoplasms
  2 giant cockroaches
  3 goblins
  3 hobgoblins
  3 jackals (D:1)
  2 quokkas
  4 bats
  6 frilled lizards
  6 kobolds
  2 rats (D:2)
65 creatures vanquished.

Notes
Turn   | Place    | Note
-------+----------+-------------------------------------------
     0 | D:1      | spardeous the Demigod Conjurer began the quest for the Orb.
     0 | D:1      | Reached XP level 1. HP: 14/14 MP: 5/5
   261 | D:1      | Reached skill level 4 in Conjurations
   329 | D:1      | Reached XP level 2. HP: 20/20 MP: 0/7
   332 | D:1      | Learned a level 2 spell: Searing Ray
   862 | D:1      | Reached XP level 3. HP: 26/26 MP: 4/8
  2048 | D:3      | You fall into a shaft and drop 1 floor!
  2119 | D:4      | Noticed Natasha
  2124 | D:4      | Killed Natasha
  2125 | D:4      | Reached skill level 5 in Conjurations
  2188 | D:4      | Found a large runed translucent door.
  2189 | D:4      | Found a large runed translucent door.
  2240 | D:3      | Reached XP level 4. HP: 33/33 MP: 4/9
  2762 | D:3      | Identified the +1 leather armour "Arahau" {rC+}
  3304 | D:3      | Reached skill level 6 in Conjurations
  3304 | D:3      | Reached XP level 5. HP: 20/38 MP: 1/10
  3644 | D:4      | Learned a level 4 spell: Iskenderun's Mystic Blast
  4041 | D:4      | Noticed an orc warrior
  4052 | D:4      | Shot with a bolt by an orc warrior

Illustrated notes

Levels and vault maps discovered:
D:1:      dpeg_chamrin_arrival_tetris, layout_loops_ring, basic_ecumenical_altar
D:2:      layout_rooms, palyth_stone_intersect
D:3:      layout_basic, hex_medium
D:4:      minmay_diamond_boxcup, layout_basic, ebering_ghost_disaster_area,
          nicolae_titane, uniq_natasha

Skill      XL: |  1  2  3  4 |
---------------+-------------+-----
Conjurations   | 4 5 6 |  6.6
Dodging        | |  1.7
Stealth        | |  1.7
Spellcasting   | |  1.7

Action                     |  1- 3 |  4- 6 || total
---------------------------+-------+-------++-------
  Melee: Unarmed           |       |     2 ||     2
   Cast: Magic Dart        |    93 |    38 ||   131
         Searing Ray       |       |     8 ||     8
 Armour: Robe              |     1 |       ||     1
         Ring mail         |       |    14 ||    14
  Dodge: Dodged            |     8 |    10 ||    18
